[Event "European School-ch G13 2024"]
[Site "Limerick"]
[Date "2024.06.02"]
[Round "1.1"]
[White "Aydogan, Arya"]
[Black "Zeybek, Kayla Nil"]
[Result "1/2-1/2"]
[ECO "C40"]
[WhiteElo "1755"]
[BlackElo "1638"]
[PlyCount "120"]
[EventDate "2024.05.31"]
[EventType "swiss"]
[EventCountry "IRL"]
[TimeControl "5400+30"]

1. e4 e5 2. Nf3 Qe7 3. Nc3 c6 4. Be2 Nf6 5. O-O d6 6. d4 Bg4 7. h3 Bh5 8. Re1 Qc7 9. Be3 Nbd7 10. Qd2 Be7 11. Rad1 O-O 12. Nh2 Bxe2 13. Qxe2 Rfe8 14. f4 exf4 15. Bxf4 g6 16. Ng4 Bf8 17. Nxf6+ Nxf6 18. Qf3 Bg7 19. g4 Nd7 20. Qg3 Qb6 21. Qd3 c5 22. Nd5 Bxd4+ 23. Qxd4 cxd4 24. Nxb6 Nxb6 25. Rxd4 d5 26. Kf2 dxe4 27. Rexe4 Kg7 28. c3 Rad8 29. Rxe8 Rxe8 30. Bc7 Re6 31. b3 Rc6 32. Bxb6 Rxb6 33. Rd7 Kf6 34. Ke3 Ke6 35. Rd4 Rc6 36. c4 Ra6 37. Rd2 Ke5 38. Rd7 Ke6 39. Rxb7 Rxa2 40. Kf3 Rb2 41. c5 Rb1 42. b4 Kd5 43. Rxa7 Rb3+ 44. Kg2 Rb2+ 45. Kf1 Rb1+ 46. Ke2 Rb2+ 47. Kd1 Rb1+ 48. Kc2 Rxb4 49. Rxf7 Kxc5 50. Rxh7 Rd4 51. Re7 Rd6 52. Kc3 Rd5 53. Re4 Kc6 54. Re6+ Rd6 55. Re5 Kb6 56. Kc4 Kc6 57. Rc5+ Kd7 58. Rd5 Ke6 59. Rc5 Kf6 60. Rc8 Kg5 1/2-1/2

[Event "European School-ch G13 2024"]
[Site "Limerick"]
[Date "2024.06.02"]
[Round "1.2"]
[White "Dogan, Ipek"]
[Black "Doolin, Nemhain"]
[Result "1-0"]
[ECO "D35"]
[WhiteElo "1551"]
[BlackElo "1726"]
[PlyCount "49"]
[EventDate "2024.05.31"]
[EventType "swiss"]
[EventCountry "IRL"]
[TimeControl "5400+30"]

1. d4 d5 2. c4 e6 3. cxd5 exd5 4. Nf3 Bd6 5. Nc3 Nf6 6. Bg5 c6 7. Qc2 O-O 8. e3 Bg4 9. Ne5 Bh5 10. Bd3 h6 11. Bh4 g5 12. Bg3 Bxe5 13. dxe5 Nfd7 14. h4 g4 15. f3 Nc5 16. Bf5 gxf3 17. gxf3 Ne6 18. Rg1 Kh8 19. O-O-O Rg8 20. Ne2 Bg6 21. Nf4 Nxf4 22. Bxf4 Qe8 23. e6 Qe7 24. exf7 Bxf7 25. Qc3+ 1-0

[Event "European School-ch G13 2024"]
[Site "Limerick"]
[Date "2024.06.02"]
[Round "1.3"]
[White "Sahin, Cagla Yudum"]
[Black "B. Berglindardottir, Emilia Embla"]
[Result "1-0"]
[ECO "B07"]
[WhiteElo "1720"]
[BlackElo "1544"]
[PlyCount "81"]
[EventDate "2024.05.31"]
[EventType "swiss"]
[EventCountry "IRL"]
[TimeControl "5400+30"]

1. e4 d6 2. d4 Nf6 3. Bd3 g6 4. Nf3 Bg7 5. c3 O-O 6. O-O Re8 7. h3 e5 8. Re1 Nbd7 9. Nbd2 c5 10. d5 a6 11. a4 Rb8 12. a5 b5 13. axb6 Qxb6 14. Nc4 Qc7 15. Qe2 Ra8 16. b4 Bb7 17. Nfd2 Nb6 18. bxc5 Qxc5 19. Ba3 Qc7 20. Nxd6 Reb8 21. Nxb7 Rxb7 22. c4 Na4 23. Qe3 Nh5 24. c5 Nf4 25. Bc2 Nb6 26. Rec1 Nc8 27. Ba4 Raa7 28. c6 Rb8 29. Nc4 Bf8 30. d6 Nxd6 31. Bxd6 Bxd6 32. Nxd6 Qxd6 33. Qxa7 Ne2+ 34. Kh2 Nxc1 35. Rxc1 Rc8 36. c7 Qf6 37. Qc5 Qe6 38. Qd5 Qf6 39. Kg1 Qb6 40. Qc5 Qe6 41. Rd1 1-0

[Event "European School-ch G13 2024"]
[Site "Limerick"]
[Date "2024.06.02"]
[Round "1.4"]
[White "Tumer, Eylul"]
[Black "Isopescu, Iulia Elena"]
[Result "1/2-1/2"]
[ECO "B23"]
[WhiteElo "1539"]
[BlackElo "1701"]
[PlyCount "34"]
[EventDate "2024.05.31"]
[EventType "swiss"]
[EventCountry "IRL"]
[TimeControl "5400+30"]

1. e4 c5 2. Nc3 g6 3. d4 cxd4 4. Qxd4 Nf6 5. Bb5 Nc6 6. Bxc6 dxc6 7. Qxd8+ Kxd8 8. Bf4 Bd7 9. Nf3 Bg7 10. O-O-O Ke8 11. e5 Nh5 12. Ne2 Bg4 13. Bg3 Nxg3 14. hxg3 Bxf3 15. gxf3 Bxe5 16. f4 Bg7 17. g4 Rd8 1/2-1/2

[Event "European School-ch G13 2024"]
[Site "Limerick"]
[Date "2024.06.02"]
[Round "1.5"]
[White "Yazici, Zumral"]
[Black "Babijczuk, Nina"]
[Result "1-0"]
[ECO "C45"]
[WhiteElo "1650"]
[BlackElo "1514"]
[PlyCount "39"]
[EventDate "2024.05.31"]
[EventType "swiss"]
[EventCountry "IRL"]
[TimeControl "5400+30"]

1. e4 e5 2. Nf3 Nc6 3. Nc3 Nf6 4. d4 exd4 5. Nxd4 Nxd4 6. Qxd4 d6 7. Bd2 Be6 8. f3 d5 9. exd5 Bf5 10. O-O-O Bd6 11. Re1+ Be7 12. g4 c5 13. Qe5 Bd7 14. d6 Ng8 15. Qxg7 f6 16. Qxh8 Kf7 17. Qxh7+ Kf8 18. dxe7+ Nxe7 19. Bh6+ Ke8 20. Qg8# 1-0

[Event "European School-ch G13 2024"]
[Site "Limerick"]
[Date "2024.06.02"]
[Round "2.1"]
[White "Doolin, Bedhbh"]
[Black "Sahin, Cagla Yudum"]
[Result "0-1"]
[ECO "C56"]
[WhiteElo "1644"]
[BlackElo "1720"]
[PlyCount "92"]
[EventDate "2024.05.31"]
[EventType "swiss"]
[EventCountry "IRL"]
[TimeControl "5400+30"]

1. e4 e5 2. Nf3 Nc6 3. Bc4 Nf6 4. d4 exd4 5. e5 d5 6. Bb5 Ne4 7. Nxd4 Bc5 8. Bxc6+ bxc6 9. Be3 O-O 10. O-O Qe8 11. f3 Nf6 12. Bf2 Qxe5 13. Re1 Qf4 14. Nc3 Bd7 15. Nce2 Qg5 16. h4 Qe5 17. Qd2 Rfe8 18. Nf4 Qd6 19. Nd3 Bb6 20. c3 c5 21. Nc2 c4 22. Nf4 Bxf2+ 23. Kxf2 c5 24. Rad1 Be6 25. g3 Rad8 26. Ne3 d4 27. cxd4 cxd4 28. Nc2 d3 29. Ne3 Qd4 30. Rc1 Rc8 31. Ne2 Qb6 32. Nf4 Nd5 33. Nfxd5 Bxd5 34. Kg2 Qb7 35. Nxd5 Qxd5 36. Rcd1 f6 37. Qf2 Qa5 38. a3 Kf7 39. Re4 Rxe4 40. fxe4 Qc5 41. Qf4 Qd4 42. Qf5 Qxb2+ 43. Kf3 Qe2+ 44. Kf4 Qf2+ 45. Kg4 Qxf5+ 46. exf5 c3 0-1

[Event "European School-ch G13 2024"]
[Site "Limerick"]
[Date "2024.06.02"]
[Round "2.3"]
[White "Isopescu, Iulia Elena"]
[Black "Dogan, Ipek"]
[Result "0-1"]
[ECO "B90"]
[WhiteElo "1701"]
[BlackElo "1551"]
[PlyCount "66"]
[EventDate "2024.05.31"]
[EventType "swiss"]
[EventCountry "IRL"]
[TimeControl "5400+30"]

1. e4 c5 2. Nf3 d6 3. d4 cxd4 4. Nxd4 Nf6 5. Nc3 a6 6. f3 e5 7. Nb3 Be6 8. Be3 h5 9. Be2 Nbd7 10. Nd5 Bxd5 11. exd5 g6 12. O-O Bg7 13. c4 Rc8 14. Qd2 b6 15. Qb4 a5 16. Qa4 O-O 17. Rfd1 e4 18. f4 Ng4 19. Bxg4 hxg4 20. Rd2 Qc7 21. Rc1 Rfe8 22. Re2 g5 23. g3 gxf4 24. gxf4 f5 25. a3 Kf7 26. Rg2 Rh8 27. Qb5 Rh3 28. Bd4 Rxb3 29. Qxb3 Bxd4+ 30. Kf1 Nc5 31. Qg3 Rh8 32. b3 Rh3 33. Qe1 Rf3+ 0-1

[Event "European School-ch G13 2024"]
[Site "Limerick"]
[Date "2024.06.02"]
[Round "2.4"]
[White "Zeybek, Kayla Nil"]
[Black "Tumer, Eylul"]
[Result "1-0"]
[ECO "A45"]
[WhiteElo "1638"]
[BlackElo "1539"]
[PlyCount "47"]
[EventDate "2024.05.31"]
[EventType "swiss"]
[EventCountry "IRL"]
[TimeControl "5400+30"]

1. d4 Nf6 2. Bf4 g6 3. Nc3 d5 4. e3 Bg7 5. h4 e6 6. Bd3 c5 7. Nb5 Qa5+ 8. b4 Qxb4+ 9. c3 Qb2 10. Nc7+ Kd8 11. Qc1 Qxc1+ 12. Rxc1 Nh5 13. Bh2 e5 14. Nxa8 b6 15. dxe5 Nc6 16. Nf3 c4 17. Be2 Be6 18. Nd4 Kd7 19. Nxc6 Kxc6 20. g4 Bxg4 21. Bxg4 Rxa8 22. Bxh5 gxh5 23. Rg1 Bh6 24. Bf4 1-0

[Event "European School-ch G13 2024"]
[Site "Limerick"]
[Date "2024.06.02"]
[Round "2.5"]
[White "Doolin, Nemhain"]
[Black "Aydogan, Arya"]
[Result "1/2-1/2"]
[ECO "C54"]
[WhiteElo "1726"]
[BlackElo "1755"]
[PlyCount "88"]
[EventDate "2024.05.31"]
[EventType "swiss"]
[EventCountry "IRL"]
[TimeControl "5400+30"]

1. e4 e5 2. Nf3 Nc6 3. Bc4 Bc5 4. c3 Nf6 5. d4 exd4 6. b4 Bb6 7. e5 d5 8. exf6 dxc4 9. Qe2+ Be6 10. b5 Na5 11. fxg7 Rg8 12. Nxd4 Bxd4 13. cxd4 Rxg7 14. O-O Qd5 15. g3 O-O-O 16. Qe5 Qxe5 17. dxe5 Rd5 18. a4 Nb3 19. Ra3 Nxc1 20. Rxc1 Rxe5 21. Nd2 Rg4 22. Rac3 Rc5 23. f4 Kd7 24. Ne4 Rf5 25. h3 Rg7 26. Kh2 c6 27. bxc6+ Kxc6 28. Nd2 Rc5 29. Nxc4 Bxc4 30. Rxc4 b6 31. g4 Rg6 32. a5 Rd6 33. axb6 axb6 34. Rxc5+ bxc5 35. Kg3 Kb5 36. Rb1+ Kc6 37. Rc1 Rd4 38. h4 Rd3+ 39. Kf2 Kd5 40. h5 c4 41. Ke2 Kd4 42. g5 c3 43. f5 Rd2+ 44. Ke1 Kd3 1/2-1/2

[Event "European School-ch G13 2024"]
[Site "Limerick"]
[Date "2024.06.02"]
[Round "3.1"]
[White "Sahin, Cagla Yudum"]
[Black "Dogan, Ipek"]
[Result "1/2-1/2"]
[ECO "B23"]
[WhiteElo "1720"]
[BlackElo "1551"]
[Annotator "NA COMBH"]
[PlyCount "119"]
[EventDate "2024.05.31"]
[EventType "swiss"]
[EventCountry "IRL"]
[SourceTitle "playchess.com"]
[Source "ChessBase"]
[SourceQuality "1"]
[TimeControl "5400+30"]

1. e4 c5 2. Nc3 d6 3. f4 g6 4. Nf3 Bg7 5. Bb5+ Bd7 6. Bc4 Nc6 7. d3 e6 8. f5 d5 9. exd5 exd5 10. Nxd5 Bxf5 11. Qe2+ Nge7 12. Bg5 h6 13. Bf6 Kf8 14. O-O-O Bxf6 15. Nxf6 Kg7 16. Ne4 Qb6 17. Nd6 Rhf8 18. Nh4 Qc7 19. Ndxf5+ Nxf5 20. Nxf5+ gxf5 21. Qf2 Ne7 22. Rde1 a6 23. Bb3 Rfe8 24. Re3 Ng6 25. Rxe8 Rxe8 26. Qxf5 Re5 27. Qf2 Qe7 28. Rf1 f6 29. Kd2 b5 30. c3 a5 31. Re1 Rxe1 32. Qxe1 Qd6 33. Qe4 c4 34. Bc2 Kf7 35. d4 Nf8 36. g3 Qd7 37. Qf5 b4 38. Qxd7+ Nxd7 39. Bf5 Nb6 40. Be4 Ke6 41. cxb4 axb4 42. a3 c3+ 43. Kc2 cxb2 44. axb4 Nc4 45. Bd3 Kd5 46. b5 Nd6 47. Kxb2 Kxd4 48. Kc2 Ke3 49. b6 Kf2 50. Be4 Kg1 51. b7 Nxb7 52. Bxb7 Kxh2 53. g4 Kg3 54. Kd3 Kxg4 55. Ke3 Kg3 56. Bf3 f5 57. Bh5 Kh4 58. Bf3 Kg5 59. Bg2 h5 60. Kf3 1/2-1/2

[Event "European School-ch G13 2024"]
[Site "Limerick"]
[Date "2024.06.02"]
[Round "3.2"]
[White "Yazici, Zumral"]
[Black "Zeybek, Kayla Nil"]
[Result "1-0"]
[ECO "C01"]
[WhiteElo "1650"]
[BlackElo "1638"]
[Annotator "NA RC"]
[PlyCount "123"]
[EventDate "2024.05.31"]
[EventType "swiss"]
[EventCountry "IRL"]
[SourceTitle "playchess.com"]
[Source "ChessBase"]
[SourceQuality "1"]
[TimeControl "5400+30"]

1. e4 e6 2. d4 d5 3. exd5 exd5 4. Bd3 Nc6 5. c3 Bd6 6. Nf3 Bg4 7. Be3 Nge7 8. Nbd2 Qd7 9. Qc2 Bf5 10. O-O f6 11. Rfe1 O-O 12. b3 Rad8 13. Rad1 Rfe8 14. Bxf5 Qxf5 15. Qxf5 Nxf5 16. g4 Nxe3 17. fxe3 Ne7 18. c4 c6 19. e4 Bb4 20. Re3 Nc8 21. Kf2 dxc4 22. bxc4 Bxd2 23. Rxd2 Nd6 24. Rde2 Nxc4 25. Rb3 Nd6 26. e5 Nb5 27. Re4 fxe5 28. dxe5 Re7 29. a4 Nd6 30. Reb4 Nf7 31. Rxb7 Kf8 32. Kg3 Rde8 33. Kf4 Nd8 34. Rxe7 Kxe7 35. Nd4 Ne6+ 36. Nxe6 Kxe6 37. Rb7 Re7 38. Rxe7+ Kxe7 39. Ke4 Ke6 40. Kd4 g5 41. a5 c5+ 42. Kxc5 Kxe5 43. a6 Kf4 44. Kc6 Kxg4 45. Kb7 Kh3 46. Kxa7 Kxh2 47. Kb6 g4 48. a7 g3 49. a8=Q g2 50. Qb8+ Kh1 51. Qb7 h5 52. Qf3 Kh2 53. Qxh5+ Kg3 54. Qg5+ Kh2 55. Qh4+ Kg1 56. Kc5 Kf1 57. Qf4+ Ke2 58. Qg3 Kf1 59. Qf3+ Kg1 60. Kd4 Kh2 61. Qf2 Kh3 62. Qg1 1-0

[Event "European School-ch G13 2024"]
[Site "Limerick"]
[Date "2024.06.02"]
[Round "3.4"]
[White "Babijczuk, Nina"]
[Black "Doolin, Bedhbh"]
[Result "0-1"]
[ECO "D00"]
[WhiteElo "1514"]
[BlackElo "1644"]
[Annotator "NA RC"]
[PlyCount "64"]
[EventDate "2024.05.31"]
[EventType "swiss"]
[EventCountry "IRL"]
[SourceTitle "playchess.com"]
[Source "ChessBase"]
[SourceQuality "1"]
[TimeControl "5400+30"]

1. d4 d5 2. Nc3 Nf6 3. Nf3 e6 4. Bf4 Bd6 5. e3 O-O 6. Bd3 Nbd7 7. e4 Bxf4 8. g3 dxe4 9. Nxe4 Bd6 10. Nxd6 cxd6 11. O-O e5 12. c3 e4 13. Bc4 exf3 14. Qxf3 Nb6 15. Bd3 Be6 16. Rfe1 Bd5 17. Qf4 Qd7 18. Qh4 Rfe8 19. h3 Re7 20. g4 Rae8 21. Kf1 Bg2+ 22. Kxg2 Rxe1 23. Rxe1 Rxe1 24. g5 Qc6+ 25. Kg3 Rg1+ 26. Kf4 Nbd5+ 27. Kf3 Nxc3+ 28. Kf4 Nfd5+ 29. Kf3 Nb4+ 30. Qe4 Nxe4 31. Bxe4 d5 32. Bf5 Rxg5 0-1

[Event "European School-ch G13 2024"]
[Site "Limerick"]
[Date "2024.06.02"]
[Round "3.6"]
[White "Tumer, Eylul"]
[Black "Doolin, Nemhain"]
[Result "1/2-1/2"]
[ECO "C01"]
[WhiteElo "1539"]
[BlackElo "1726"]
[Annotator "NA RC"]
[PlyCount "87"]
[EventDate "2024.05.31"]
[EventType "swiss"]
[EventCountry "IRL"]
[SourceTitle "playchess.com"]
[Source "ChessBase"]
[SourceQuality "1"]
[TimeControl "5400+30"]

1. e4 e6 2. d4 d5 3. Bd3 Bd7 4. Bf4 Nc6 5. c3 dxe4 6. Bxe4 Nf6 7. Bf3 Be7 8. Ne2 O-O 9. O-O Nd5 10. Bg3 Bh4 11. Qd3 Bxg3 12. fxg3 Qe7 13. Nd2 Nf6 14. Rae1 Rad8 15. Nf4 b6 16. Qc2 a5 17. d5 Qc5+ 18. Kh1 exd5 19. Nb3 Qd6 20. Rd1 Be6 21. c4 Nb4 22. Qb1 c6 23. a3 Na6 24. cxd5 cxd5 25. Qd3 Nc5 26. Qe3 Nxb3 27. Qxb3 d4 28. Qd3 Rd7 29. Rfe1 Bg4 30. Ne2 Rfd8 31. Kg1 Bxf3 32. gxf3 Qd5 33. Rd2 Ne8 34. Nxd4 Nc7 35. Qe3 h6 36. Nb3 Qf5 37. Rxd7 Rxd7 38. Qe4 Qxe4 39. Rxe4 Rd3 40. Nd4 Rd2 41. b3 Kf8 42. b4 axb4 43. axb4 Nd5 44. Nc6 1/2-1/2

[Event "European School-ch G13 2024"]
[Site "Limerick"]
[Date "2024.06.03"]
[Round "4.1"]
[White "Dogan, Ipek"]
[Black "Yazici, Zumral"]
[Result "0-1"]
[ECO "D31"]
[WhiteElo "1551"]
[BlackElo "1650"]
[Annotator "NA RC"]
[PlyCount "66"]
[EventDate "2024.05.31"]
[EventType "swiss"]
[EventCountry "IRL"]
[SourceTitle "playchess.com"]
[Source "ChessBase"]
[SourceQuality "1"]
[TimeControl "5400+30"]

1. d4 d5 2. c4 e6 3. Nf3 a6 4. cxd5 exd5 5. Nc3 c6 6. Qc2 Nf6 7. Bg5 h6 8. Bxf6 gxf6 9. e3 Be6 10. Bd3 Bd6 11. O-O Rg8 12. Kh1 Qc7 13. e4 dxe4 14. Nxe4 Nd7 15. Nfd2 O-O-O 16. Rac1 Bd5 17. Nxd6+ Qxd6 18. Be4 f5 19. Bf3 Bxf3 20. Nxf3 Qd5 21. b3 Rxg2 22. Qe2 Rg4 23. Rg1 Rf4 24. Rg3 Rxd4 25. Kg1 Re4 26. Qc2 Ne5 27. Qc5 Nxf3+ 28. Rxf3 Re1+ 29. Rxe1 Qxc5 30. Ree3 f4 31. Rc3 Rd1+ 32. Kg2 Qg5+ 33. Kh3 Qh5+ 0-1

[Event "European School-ch G13 2024"]
[Site "Limerick"]
[Date "2024.06.03"]
[Round "4.2"]
[White "Aydogan, Arya"]
[Black "Sahin, Cagla Yudum"]
[Result "0-1"]
[ECO "C44"]
[WhiteElo "1755"]
[BlackElo "1720"]
[Annotator "NA RC"]
[PlyCount "52"]
[EventDate "2024.05.31"]
[EventType "swiss"]
[EventCountry "IRL"]
[SourceTitle "playchess.com"]
[Source "ChessBase"]
[SourceQuality "1"]
[TimeControl "5400+30"]

1. e4 e5 2. Nf3 Nc6 3. c3 d5 4. Qa4 Bd7 5. exd5 Nd4 6. Qd1 Nxf3+ 7. Qxf3 Nf6 8. Bc4 e4 9. Qe3 Bd6 10. h3 O-O 11. O-O Re8 12. d4 b5 13. Bb3 a5 14. a3 a4 15. Ba2 Bf5 16. Nd2 Nh5 17. Kh1 Bf4 18. Qe2 Qh4 19. Kg1 Bxh3 20. gxh3 Ra6 21. Rd1 Qxh3 22. Nf1 Rg6+ 23. Ng3 Nxg3 24. fxg3 Qxg3+ 25. Kh1 Qh4+ 26. Qh2 Qxh2# 0-1

[Event "European School-ch G13 2024"]
[Site "Limerick"]
[Date "2024.06.03"]
[Round "4.3"]
[White "Doolin, Bedhbh"]
[Black "Zeybek, Kayla Nil"]
[Result "0-1"]
[ECO "C56"]
[WhiteElo "1644"]
[BlackElo "1638"]
[Annotator "NA RC"]
[PlyCount "78"]
[EventDate "2024.05.31"]
[EventType "swiss"]
[EventCountry "IRL"]
[SourceTitle "playchess.com"]
[Source "ChessBase"]
[SourceQuality "1"]
[TimeControl "5400+30"]

1. e4 e5 2. Nf3 Nc6 3. Bc4 Nf6 4. d4 exd4 5. e5 d5 6. Bb5 Ne4 7. Nxd4 Bc5 8. Be3 O-O 9. Bxc6 bxc6 10. f3 Qh4+ 11. Kf1 Ng3+ 12. Kg1 Nxh1 13. Kxh1 Re8 14. f4 Bb6 15. Nf3 Qe7 16. Bg1 Qb4 17. Qc1 Bxg1 18. Kxg1 Rb8 19. b3 Bf5 20. c3 Qb6+ 21. Kh1 c5 22. Qd1 d4 23. Nh4 Bxb1 24. Rxb1 Red8 25. c4 Qe6 26. Qd3 Rd7 27. Re1 Re8 28. Nf3 Rde7 29. b4 Qg4 30. Qe4 cxb4 31. Nxd4 c5 32. h3 Qg6 33. f5 Qa6 34. f6 Qxf6 35. Nc6 Re6 36. Qd5 Rd6 37. exd6 Rxe1+ 38. Kh2 Qf4+ 39. g3 Re2+ 0-1

[Event "European School-ch G13 2024"]
[Site "Limerick"]
[Date "2024.06.03"]
[Round "4.4"]
[White "Isopescu, Iulia Elena"]
[Black "B. Berglindardottir, Emilia Embla"]
[Result "1-0"]
[ECO "A43"]
[WhiteElo "1701"]
[BlackElo "1544"]
[Annotator "NA RC"]
[PlyCount "85"]
[EventDate "2024.05.31"]
[EventType "swiss"]
[EventCountry "IRL"]
[SourceTitle "playchess.com"]
[Source "ChessBase"]
[SourceQuality "1"]
[TimeControl "5400+30"]

1. e4 d6 2. d4 Nf6 3. Nc3 g6 4. Nf3 Bg7 5. Be2 O-O 6. O-O Nbd7 7. Bf4 c5 8. d5 a6 9. a4 Qa5 10. Re1 Qb4 11. Qd3 Ng4 12. Rab1 Nb6 13. h3 Ne5 14. Bxe5 dxe5 15. b3 f5 16. Bf1 f4 17. Na2 Qa5 18. c4 Rd8 19. Qc2 h6 20. Nc1 g5 21. Nd3 Nd7 22. Qd1 Rb8 23. Nh2 Nf6 24. Rc1 Bd7 25. Nxe5 Be8 26. Neg4 e6 27. Nxf6+ Bxf6 28. Qg4 e5 29. Qe6+ Kg7 30. Ng4 Rd6 31. Qxd6 Qd8 32. Qxd8 Bxd8 33. Nxe5 Ba5 34. Red1 h5 35. d6 Rd8 36. d7 Bf7 37. Nxf7 Kxf7 38. Rd5 Ke6 39. Rcd1 Kf6 40. Rxc5 Bb6 41. Rc8 g4 42. c5 Ba5 43. b4 1-0

[Event "European School-ch G13 2024"]
[Site "Limerick"]
[Date "2024.06.05"]
[Round "5.1"]
[White "Yazici, Zumral"]
[Black "Sahin, Cagla Yudum"]
[Result "1/2-1/2"]
[ECO "C47"]
[WhiteElo "1650"]
[BlackElo "1720"]
[Annotator "NA RC"]
[PlyCount "103"]
[EventDate "2024.05.31"]
[EventType "swiss"]
[EventCountry "IRL"]
[SourceTitle "playchess.com"]
[Source "ChessBase"]
[SourceQuality "1"]
[TimeControl "5400+30"]

1. e4 e5 2. Nf3 Nc6 3. Nc3 Nf6 4. d4 exd4 5. Nxd4 Bb4 6. Nxc6 bxc6 7. Bd3 d5 8. exd5 O-O 9. O-O cxd5 10. h3 Rb8 11. Qf3 Rb6 12. Bf4 Bd6 13. Bg5 c6 14. Bxf6 Qxf6 15. Qxf6 gxf6 16. Rab1 Be6 17. f4 Re8 18. Kh1 Rb4 19. Ne2 c5 20. c3 Rb6 21. Ng3 Reb8 22. Nh5 f5 23. g4 c4 24. Bxf5 Bxf5 25. gxf5 Ba3 26. b3 cxb3 27. axb3 Rxb3 28. Rg1+ Kf8 29. Rxb3 Rxb3 30. Nf6 Ke7 31. Nxd5+ Kd6 32. Rd1 Kc5 33. Nf6 Kc6 34. Ne4 a5 35. f6 Bb2 36. Rd6+ Kb5 37. c4+ Kxc4 38. Nd2+ Kc5 39. Nxb3+ Kxd6 40. Nxa5 Bxf6 41. Kg2 Kd5 42. Kf3 h5 43. Nb3 Bc3 44. Nc1 Bf6 45. Ne2 h4 46. Kg4 Ke4 47. Ng1 Bd8 48. f5 Bf6 49. Nf3 Be7 50. Nd2+ Ke3 51. Nf3 Ke4 52. Nd2+ 1/2-1/2

[Event "European School-ch G13 2024"]
[Site "Limerick"]
[Date "2024.06.05"]
[Round "5.2"]
[White "Zeybek, Kayla Nil"]
[Black "Isopescu, Iulia Elena"]
[Result "1-0"]
[ECO "A03"]
[WhiteElo "1638"]
[BlackElo "1701"]
[Annotator "NA RC"]
[PlyCount "49"]
[EventDate "2024.05.31"]
[EventType "swiss"]
[EventCountry "IRL"]
[SourceTitle "playchess.com"]
[Source "ChessBase"]
[SourceQuality "1"]
[TimeControl "5400+30"]

1. f4 d5 2. Nf3 c5 3. g3 Nc6 4. Bg2 Nf6 5. O-O e6 6. d3 Bd6 7. Qe1 O-O 8. e4 dxe4 9. dxe4 e5 10. f5 Nd4 11. Na3 Bd7 12. c3 Nxf3+ 13. Bxf3 b5 14. Nc2 Qb6 15. g4 Ne8 16. g5 a5 17. f6 c4+ 18. Kh1 Bc5 19. Qh4 Qe6 20. Be3 Rc8 21. Rg1 Qh3 22. Qf2 Bxe3 23. Nxe3 Be6 24. Rg3 Qh4 25. Ng2 1-0

[Event "European School-ch G13 2024"]
[Site "Limerick"]
[Date "2024.06.05"]
[Round "5.3"]
[White "Dogan, Ipek"]
[Black "Tumer, Eylul"]
[Result "1-0"]
[ECO "D09"]
[WhiteElo "1551"]
[BlackElo "1539"]
[Annotator "NA RC"]
[PlyCount "79"]
[EventDate "2024.05.31"]
[EventType "swiss"]
[EventCountry "IRL"]
[SourceTitle "playchess.com"]
[Source "ChessBase"]
[SourceQuality "1"]
[TimeControl "5400+30"]

1. d4 d5 2. c4 e5 3. dxe5 d4 4. Nf3 Nc6 5. g3 Bg4 6. Bg2 Qd7 7. O-O h5 8. h4 O-O-O 9. a3 Bxf3 10. Bxf3 Nxe5 11. Bd5 c6 12. Bg2 Be7 13. Qa4 Kb8 14. Bf4 f6 15. Rd1 Qe6 16. Nd2 g5 17. hxg5 fxg5 18. Bxe5+ Qxe5 19. Nf3 Qf6 20. Rd3 g4 21. Nh4 Qe6 22. Rad1 Bxh4 23. gxh4 Qf6 24. e3 Rf8 25. R1d2 dxe3 26. Rxe3 Ne7 27. Qb4 Nf5 28. Rd7 b6 29. Qa4 a5 30. Rb3 Kc8 31. Rdd3 Nxh4 32. Qxc6+ Qxc6 33. Bxc6 Kc7 34. Bh1 Rf4 35. Rbc3 Re8 36. Rd1 Re2 37. Rcd3 Rexf2 38. Rd7+ Kb8 39. Rd8+ Ka7 40. Ra8# 1-0

[Event "European School-ch G13 2024"]
[Site "Limerick"]
[Date "2024.06.05"]
[Round "5.4"]
[White "Doolin, Bedhbh"]
[Black "Aydogan, Arya"]
[Result "0-1"]
[ECO "C50"]
[WhiteElo "1644"]
[BlackElo "1755"]
[Annotator "NA RC"]
[PlyCount "58"]
[EventDate "2024.05.31"]
[EventType "swiss"]
[EventCountry "IRL"]
[SourceTitle "playchess.com"]
[Source "ChessBase"]
[SourceQuality "1"]
[TimeControl "5400+30"]

1. e4 e5 2. Nf3 Nc6 3. Bc4 Bc5 4. Nc3 Nf6 5. d3 h6 6. O-O d6 7. h3 O-O 8. Be3 Bb6 9. Bxb6 axb6 10. a4 Be6 11. Bb3 Bxb3 12. cxb3 d5 13. d4 exd4 14. Nxd4 dxe4 15. Nxc6 bxc6 16. Qe2 Qe7 17. Rfe1 Rfe8 18. Rad1 Ra5 19. Rd4 Re5 20. b4 Nd5 21. Rc4 Nf4 22. Qe3 Nd3 23. Re2 f5 24. Na2 f4 25. Qd2 Qg5 26. f3 exf3 27. Rxe5 Rxe5 28. Rc1 Nxc1 29. Nxc1 Re1+ 0-1

[Event "European School-ch G13 2024"]
[Site "Limerick"]
[Date "2024.06.05"]
[Round "5.6"]
[White "B. Berglindardottir, Emilia Embla"]
[Black "Babijczuk, Nina"]
[Result "1-0"]
[ECO "D00"]
[WhiteElo "1544"]
[BlackElo "1514"]
[Annotator "NA RC"]
[PlyCount "55"]
[EventDate "2024.05.31"]
[EventType "swiss"]
[EventCountry "IRL"]
[SourceTitle "playchess.com"]
[Source "ChessBase"]
[SourceQuality "1"]
[TimeControl "5400+30"]

1. d4 d5 2. Bf4 Bf5 3. e3 Nc6 4. Nf3 Nf6 5. Nc3 e6 6. Bd3 Bb4 7. Bxf5 exf5 8. Qd3 g6 9. O-O O-O 10. Bg5 h6 11. Bxh6 Re8 12. Bg5 a6 13. Nxd5 Be7 14. Nxe7+ Qxe7 15. Qc3 Qe6 16. b3 Nd5 17. Qb2 f6 18. Bh4 f4 19. exf4 Nxf4 20. d5 Qxd5 21. Bxf6 Kf7 22. Rad1 Qf5 23. Ng5+ Kf8 24. Bg7+ Ke7 25. Rfe1+ Ne6 26. Qa3+ Nb4 27. Qxb4+ c5 28. Qxc5+ 1-0

[Event "European School-ch G13 2024"]
[Site "Limerick"]
[Date "2024.06.06"]
[Round "6.1"]
[White "Yazici, Zumral"]
[Black "Doolin, Nemhain"]
[Result "1-0"]
[ECO "C01"]
[WhiteElo "1650"]
[BlackElo "1726"]
[Annotator "NA RC"]
[PlyCount "69"]
[EventDate "2024.05.31"]
[EventType "swiss"]
[EventCountry "IRL"]
[SourceTitle "playchess.com"]
[Source "ChessBase"]
[SourceQuality "1"]
[TimeControl "5400+30"]

1. e4 e6 2. d4 d5 3. exd5 exd5 4. Bd3 Bd6 5. Nf3 Ne7 6. O-O O-O 7. Be3 Bf5 8. c3 Bxd3 9. Qxd3 Nd7 10. Nbd2 Nf6 11. Bg5 Ng6 12. Rfe1 h6 13. Be3 Qd7 14. c4 Rfe8 15. c5 Bf4 16. Nf1 Bxe3 17. Nxe3 Ng4 18. h3 Nf4 19. Qd2 Nxe3 20. Rxe3 Qf5 21. Rae1 Re4 22. Kh2 Rae8 23. g4 Qf6 24. Ne5 Rxe3 25. Rxe3 Re7 26. Rf3 g5 27. Qa5 a6 28. Qb4 c6 29. Qb6 Kg7 30. Qd8 Qe6 31. Re3 Re8 32. Qc7 Qc8 33. Qxf7+ Kh8 34. Ng6+ Nxg6 35. Rxe8+ 1-0

[Event "European School-ch G13 2024"]
[Site "Limerick"]
[Date "2024.06.06"]
[Round "6.2"]
[White "Sahin, Cagla Yudum"]
[Black "Zeybek, Kayla Nil"]
[Result "1-0"]
[ECO "B23"]
[WhiteElo "1720"]
[BlackElo "1638"]
[Annotator "NA RC"]
[PlyCount "57"]
[EventDate "2024.05.31"]
[EventType "swiss"]
[EventCountry "IRL"]
[SourceTitle "playchess.com"]
[Source "ChessBase"]
[SourceQuality "1"]
[TimeControl "5400+30"]

1. e4 c5 2. Nc3 Nc6 3. Bb5 Nd4 4. Nf3 Nxb5 5. Nxb5 d5 6. exd5 a6 7. Nc3 Nf6 8. d4 Nxd5 9. Ne4 Bf5 10. Ng3 Bg4 11. dxc5 Nb4 12. Qe2 Bxf3 13. gxf3 e6 14. Ne4 Qc7 15. c3 Nd5 16. Qc4 f5 17. Ng5 Bxc5 18. Qe2 Qb6 19. Qxe6+ Ne7 20. O-O Rd8 21. Qf7+ Kd7 22. Bf4 Rde8 23. b4 Qf6 24. bxc5 Ref8 25. Rad1+ Kc8 26. Qe6+ Qxe6 27. Nxe6 Rf6 28. Nd4 g5 29. Be5 1-0